 Dungeon Crawl Stone Soup version 0.22-a0-558-gc224181 (webtiles) character file.

177 iamserjio the Sneak (level 5, -5/36 HPs)
             Began as an Octopode Wanderer on June 27, 2018.
             Was an Initiate of Okawaru.
             Slain by Sigmund
             ... wielding a +0 scythe
              (11 damage)
             ... on level 4 of the Dungeon.
             The game lasted 00:06:59 (3846 turns).

iamserjio the Sneak (Octopode Wanderer)             Turns: 3846, Time: 00:07:00

Health: -5/36      AC:  1    Str: 10    XL:     5   Next: 57%
Magic:  5/5        EV: 15    Int: 15    God:    Okawaru [......]
Gold:   121        SH:  0    Dex: 13    Spells: 4/4 levels left

rFire    . . .     SeeInvis .   t - +0 short sword
rCold    . . .     Gourm    .   (no shield)
rNeg     . . .     Faith    .   (helmet restricted)
rPois    .         Spirit   .   (no amulet)
rElec    .         Reflect  .   (no ring)
rCorr    .         Harm     .   (no ring)
MR       .....                  (no ring)
Stlth    ++++......             (no ring)
HPRegen  0.12/turn              (no ring)
MPRegen  0.09/turn              (no ring)
                                (no ring)
                                (no ring)

@: hasted, very quick
A: almost no armour, stealthy swim, amphibious, 8 rings, constrict 8, camouflage
1, gelatinous body 1
a: Renounce Religion


You were on level 4 of the Dungeon.
You worshipped Okawaru.
Okawaru was noncommittal.
You were near starving.

You visited 1 branch of the dungeon, and saw 4 of its levels.

You collected 121 gold pieces.

Inventory:

Hand Weapons
 b - a +0 hand crossbow
 e - a +0 blowgun
 g - a +0 dagger
 t - a +0 short sword (weapon)
 u - a +0 falchion
Missiles
 a - 2 throwing nets {!f}
 c - 58 bolts
 d - 21 poisoned needles
 h - 133 stones (quivered)
Armour
 j - a +0 buckler
 m - a +0 shield
 w - a +0 buckler
Wands
 v - a wand of polymorph (6)
Scrolls
 i - 4 scrolls of teleportation {unknown}
 k - a scroll of enchant weapon {unknown}
 l - 3 scrolls of amnesia {unknown}
 n - 3 scrolls of fear {unknown}
 o - 3 scrolls of identify {unknown}
 p - a scroll of blinking {unknown}
 r - a scroll of remove curse {unknown}
 s - a scroll of fog {unknown}
Potions
 q - a potion of ambrosia {unknown}
 x - a potion of lignification {unknown}
Comestibles
 f - 3 rations


   Skills:
 + Level 3.0 Fighting
 * Level 0.6 Long Blades
 - Level 3.0 Crossbows
 - Level 2.0 Throwing
 * Level 3.9 Dodging
 + Level 4.8 Stealth


You had 4 spell levels left.
You didn't know any spells.
Your spell library was empty.

Dungeon Overview and Level Annotations

Branches:
Dungeon (4/15)
 Temple: D:4-7

Altars:
Gozag
Makhleb
Okawaru
Sif Muna

Annotations:
D:3 Grinder
D:4 Sigmund


Innate Abilities, Weirdness & Mutations

You cannot wear most types of armour.
You are very stealthy in the water. (Stealth+)
You are amphibious.
You can wear up to eight rings at the same time.
You can use your tentacles to constrict eight enemies at once.
Your skin changes colour to match your surroundings (Stealth+).
Your rubbery body absorbs attacks. (AC +1, EV +1)


Message History

There is a stone staircase leading up here.
Sigmund the Dreaded comes into view.
He is wielding a scythe.
Sigmund shouts!
Sigmund points at you and mumbles some strange words.
The puff of flame misses you.
Sigmund points at you and mumbles some strange words.
The puff of flame hits you!
Okay, then.
You start resting.
Sigmund is too close now for your liking.
Sigmund casts a spell.
Sigmund flickers and vanishes!
Deactivating autopickup; reactivate with Ctrl-A.
You hit something. Something hits you!
You are near starving!
You miss something. Something hits you!
* * * LOW HITPOINT WARNING * * *
You barely miss something.
It was a potion of haste.
You feel yourself speed up. Something hits you!
You die...

#..<.# #.# #..#
#....###.###..#
#........#....#
#....#####.#.##
#....# #.#.#####
#....# #.#.....#
##########.#####.#
........# #.#
........#####@#
............{.#
.......########
....... .......
....... .......
......@


There were no monsters in sight!

Vanquished Creatures
  A hound (D:3)
  A howler monkey zombie (D:2)
  6 adders
  2 oozes
  3 worms
  A dart slug (D:1)
  5 leopard geckos
  3 bats
  2 giant cockroaches
  7 goblins
  10 jackals
  9 kobolds
  A quokka (D:2)
  4 frilled lizards
  5 rats
60 creatures vanquished.

Notes
Turn   | Place    | Note
-------+----------+-------------------------------------------
     0 | D:1      | iamserjio the Octopode Wanderer began the quest for the Orb.
     0 | D:1      | iamserjio set off with: 2 throwing nets {!f}, a +0 hand crossbow, 25 bolts, 11 poisoned needles, a +0 blowgun, a ration
     0 | D:1      | Reached XP level 1. HP: 16/16 MP: 1/1
     3 | D:1      | Noticed an electric eel
     3 | D:1      | Noticed an electric eel
    20 | D:1      | Reached skill level 2 in Stealth
    63 | D:1      | Reached XP level 2. HP: 7/21 MP: 2/2
   602 | D:1      | Reached skill level 3 in Stealth
  1123 | D:2      | Reached XP level 3. HP: 26/26 MP: 3/3
  1374 | D:2      | Found an iron altar of Okawaru.
  1391 | D:2      | Became a worshipper of Warmaster Okawaru
  1510 | D:2      | Reached XP level 4. HP: 29/31 MP: 4/4
  1542 | D:2      | Reached skill level 4 in Stealth
  2664 | D:2      | Found a burning altar of Makhleb.
  2664 | D:2      | Found a deep blue altar of Sif Muna.
  2696 | D:2      | Found an opulent altar of Gozag.
  2969 | D:3      | Reached XP level 5. HP: 34/36 MP: 5/5
  3279 | D:3      | Noticed Grinder
  3829 | D:4      | Noticed Sigmund
  3846 | D:4      | Slain by Sigmund

Vault maps used:
D:1:      arrival_aquarium_b
D:2:      kennysheep_six_static_rooms, old_standard_altar, old_standard_altar,
          amethyst_overflow_temple_binary, minivault_5
D:3:      first_ration, uniq_grinder
D:4:      hex_tiny, uniq_crazy_yiuf_cottage, uniq_sigmund, uniq_edmund

Skill      XL: |  1  2  3  4 |
---------------+-------------+-----
Stealth        | 2 3 4 |  4.8
Dodging        | 2 3 |  3.9
Fighting       | |  3.0
Long Blades    | |  0.6
Crossbows      | |  3.0
Throwing       | |  2.0

Action                   |  1- 3 |  4- 6 || total
-------------------------+-------+-------++-------
Melee: Dagger            |       |    55 ||    55
       Constrict         |       |    21 ||    21
       Tentacles         |       |    11 ||    11
       Short sword       |       |    17 ||    17
       Falchion          |       |     1 ||     1
 Fire: Hand crossbow     |    69 |    37 ||   106
Throw: Stone             |       |     3 ||     3
  Use: Potion            |       |     1 ||     1
 Stab: Sleeping          |       |     4 ||     4
  Eat: Chunk             |     1 |     3 ||     4
       Ration            |       |     1 ||     1
Armor: Skin              |     2 |    10 ||    12
Dodge: Dodged            |    24 |    91 ||   115

Table legend:
 A = Spawn XP
 B = Non-spawn XP
 C = Spawn XP percentage of total XP
 D = Spawn monster count
 E = Non-spawn monster count
 F = Spawn count percentage of total count
 G = Total turns spent on level
                    A         B        C        D         E        F      G
               +---------+---------+-------+---------+---------+-------+---------
         Total |       0 |     254 |   0.0 |       0 |      60 |   0.0 |  3846
               +---------+---------+-------+---------+---------+-------+---------
           D:1 |       0 |      32 |   0.0 |       0 |      15 |   0.0 |  1113
           D:2 |       0 |     132 |   0.0 |       0 |      34 |   0.0 |  2085
           D:3 |       0 |      86 |   0.0 |       0 |       9 |   0.0 |   572
           D:4 |       0 |       4 |   0.0 |       0 |       2 |   0.0 |    76
               +---------+---------+-------+---------+---------+-------+---------
